 Dungeon Crawl Stone Soup version 0.18-b1-22-ge198996 (webtiles) character file.

336 theY the Covered (level 6, 0/53 HPs)
             Began as a Hill Orc Fighter on May 4, 2016.
             Succumbed to a scorpion's poison
             ... on level 4 of the Dungeon.
             The game lasted 00:04:02 (2635 turns).

theY the Covered (Hill Orc Fighter)                 Turns: 2635, Time: 00:04:03

Health: 0/53       AC:  9    Str: 19    XL:     6   Next: 54%
Magic:  6/6        EV: 10    Int: 14    God:
Gold:   285        SH:  9    Dex: 11    Spells: 0 memorised, 5 levels left

rFire  . . .     SeeInvis .     t - +0 falchion (slice)
rCold  . . .     Gourm    .     b - +0 scale mail
rNeg   . . .     Faith    .     c - +0 shield
rPois  .         Spirit   .     A - +0 helmet
rElec  .         Dismiss  .     r - +0 cloak
rCorr  .         Reflect  .     (no gloves)
SustAt .         Harm     .     (no boots)
MR     .....                    (no amulet)
Stlth  ..........               (no ring)
                                l - +2 ring of evasion

@: brilliant, lethally poisoned (0 -> -16), not resistant to hostile
enchantments, extremely unstealthy
A: no striking features
a: no special abilities


You were on level 4 of the Dungeon.
You were not hungry.

You visited 1 branch of the dungeon, and saw 4 of its levels.

You collected 285 gold pieces.

Inventory:

Hand Weapons
 a - a +0 war axe
 t - a +0 falchion of slicing (weapon)
Missiles
 k - 5 needles of sleeping
Armour
 b - a +0 scale mail (worn)
 c - a +0 shield (worn)
 r - a +0 cloak (worn)
 y - a +1 animal skin
 A - a +0 helmet (worn)
Jewellery
 l - a +2 ring of evasion (left hand)
Scrolls
 e - 4 scrolls of identify {unknown}
 h - a scroll of noise {unknown}
 m - 2 scrolls of remove curse {unknown}
 n - a scroll of enchant weapon {unknown}
 u - a scroll of immolation {unknown}
 v - 2 scrolls of magic mapping {unknown}
 B - a scroll of amnesia {unknown}
Potions
 d - a potion of might
 j - a potion of curing {unknown}
 p - a potion of brilliance
 q - a potion of flight {unknown}
 w - a potion of magic {unknown}
 x - a potion of degeneration {unknown}
Comestibles
 f - 5 bread rations
 g - a beef jerky
 i - a royal jelly
 o - 2 fruits
 s - a meat ration
 z - 13 chunks of flesh


   Skills:
 + Level 4.6 Fighting
 + Level 0.7 Long Blades
 + Level 4.0 Axes
 + Level 5.0 Armour
 + Level 2.0 Dodging
 + Level 4.6 Shields


You had 5 spell levels left.
You didn't know any spells.

Dungeon Overview and Level Annotations

Branches:
Dungeon (4/15)
 Temple: D:4-7

Altars:
Okawaru
Qazlal
Trog


Message History

Your shield prevents you from hitting the scorpion.
The scorpion is almost dead.
* * * LOW HITPOINT WARNING * * *
You feel sick. You block the scorpion's attack.
Your shield and scale mail prevent you from hitting the scorpion.
The scorpion is almost dead.
* * * LOW HITPOINT WARNING * * *
You feel sick.
The scorpion stings you but does no damage. x2
Your scale mail prevents you from hitting the scorpion.
The scorpion is severely wounded.
* * * LOW HITPOINT WARNING * * *
You feel sick. The scorpion stings you.
* * * LOW HITPOINT WARNING * * *
You are more poisoned.
The scorpion poisons you!
Drink which item? (? for menu, Esc to quit)
It was a potion of brilliance.
You feel clever all of a sudden.
You die...

#......... #...#
#......... #...#
#.........
#######...####.........
#.........##...........
#.........##...........
#.........##...######.#
#.........##...##### .#
#....s@..$............#
###.................. #
#.................. +
#.................. #
#............$..... #
#.!................ #
#........########## #
#........# # #


You could see a scorpion.

Vanquished Creatures
  2 ogres (D:4)
  A giant frog skeleton (D:4)
  Robin (D:4)
  5 adders
  An ooze (D:4)
  A worm (D:3)
  4 dart slugs
  A giant gecko (D:1)
  An orc (D:3)
  A ball python (D:3)
  A giant cockroach (D:2)
  9 goblins
  8 hobgoblins
  4 jackals
  A kobold (D:1)
  14 bats
  5 giant newts
  8 rats
68 creatures vanquished.

Notes
Turn   | Place    | Note
--------------------------------------------------------------
     0 | D:1      | theY the Hill Orc Fighter began the quest for the Orb.
     0 | D:1      | Reached XP level 1. HP: 19/19 MP: 1/1
   210 | D:1      | Reached XP level 2. HP: 27/27 MP: 2/2
   732 | D:2      | Reached XP level 3. HP: 32/33 MP: 3/3
   877 | D:2      | Reached XP level 4. HP: 40/40 MP: 4/4
  1096 | D:3      | Found an iron altar of Okawaru.
  1096 | D:3      | Found a bloodstained altar of Trog.
  1199 | D:3      | Found a stormy altar of Qazlal.
  1758 | D:3      | Reached skill level 4 in Armour
  1875 | D:4      | Noticed an ogre
  1886 | D:4      | Killed an ogre
  1886 | D:4      | Reached skill level 1 in Dodging
  1886 | D:4      | Reached XP level 5. HP: 5/47 MP: 5/5
  2176 | D:4      | Noticed an ogre
  2194 | D:4      | Killed an ogre
  2194 | D:4      | Reached XP level 6. HP: 12/53 MP: 6/6
  2532 | D:4      | Noticed Robin
  2569 | D:4      | Killed Robin
  2569 | D:4      | Reached skill level 5 in Armour
  2634 | D:4      | HP: 2/53 [scorpion (2)]
  2635 | D:4      | Succumbed to a scorpion's poison

Skill      XL: |  1  2  3  4  5  6 |
---------------+-------------------+-----
Axes           | 3 4 |  4.0
Shields        | 4 |  4.6
Fighting       | 4 |  4.6
Armour         | 4 5 |  5.0
Dodging        | 1 2 |  2.0
Long Blades    | |  0.7

Action                   |  1- 3 |  4- 6 || total
-------------------------+-------+-------++-------
Melee: War axe           |   117 |    41 ||   158
       Falchion          |       |   116 ||   116
  Use: Potion            |       |     1 ||     1
  Eat: Chunk             |       |     5 ||     5
       Fruit             |       |     1 ||     1
Armor: Scale mail        |    62 |    72 ||   134
Dodge: Dodged            |    37 |    60 ||    97
Block: Shield            |    60 |    90 ||   150
